 Dungeon Crawl Stone Soup version 0.27.0-1-g7a089689b8 (webtiles) character file.

Game seed: 17206784424877143244

1330 bonger the Fighter (level 8, -28/74 HPs)
             Began as a Minotaur Fighter on Aug 3, 2021.
             Annihilated by a very large slime creature (41 damage)
             ... on level 5 of the Dungeon.
             The game lasted 00:12:13 (6176 turns).

bonger the Fighter (Minotaur Fighter)               Turns: 6176, Time: 00:12:14

Health: -28/74     AC: 10    Str: 22    XL:     8   Next: 34%
Magic:  7/7        EV:  7    Int:  5    God:
Gold:   246        SH:  9    Dex: 11    Spells: 7/7 levels left

rFire    . . .     SeeInvis .   a - +0 war axe
rCold    . . .     Faith    .   c - +0 kite shield
rNeg     . . .     Spirit   .   b - +0 scale mail
rPois    .         Reflect  .   (helmet restricted)
rElec    .         Harm     .   q - +0 cloak
rCorr    +         Rampage  .   j - +0 pair of gloves
Will     .....                  (no boots)
Stlth    ..........             (no amulet)
HPRegen  0.22/turn              p - ring of resist corrosion
MPRegen  0.10/turn              (no ring)

@: no status effects
A: horns 2, retaliatory headbutt
a: no special abilities


You were on level 5 of the Dungeon.
You visited 1 branch of the dungeon, and saw 5 of its levels.

You collected 246 gold pieces.

Inventory:

Hand Weapons
 a - a +0 war axe (weapon)
 s - a +2 quarterstaff of chaos
   (You took it off Crazy Yiuf on level 3 of the Dungeon)
Missiles
 z - 2 curare-tipped darts
Armour
 b - a +0 scale mail (worn)
 c - a +0 kite shield (worn)
 j - a +0 pair of gloves (worn)
   (You found it on level 4 of the Dungeon)
 q - a +0 cloak (worn)
   (You took it off Crazy Yiuf on level 3 of the Dungeon)
Jewellery
 g - a ring of fire {rF+, rC-}
   (You found it on level 1 of the Dungeon)
 p - a ring of resist corrosion (left hand)
   (You found it on level 3 of the Dungeon)
Wands
 u - a wand of paralysis (12)
   (You found it on level 4 of the Dungeon)
 y - a wand of acid (9)
   (You took it off Ijyb on level 5 of the Dungeon)
Scrolls
 e - 3 scrolls of enchant armour {unknown}
 f - 2 scrolls of enchant weapon {unknown}
 i - 9 scrolls of teleportation
 k - a scroll of torment {unknown}
 m - a scroll of magic mapping {unknown}
 n - 2 scrolls of fear {unknown}
 t - a scroll of vulnerability {unknown}
 v - a scroll of identify
 w - 2 scrolls of immolation {unknown}
 x - a scroll of silence {unknown}
Potions
 d - a potion of might
 h - 3 potions of curing
 l - a potion of magic
 o - 2 potions of degeneration {unknown}
 r - 2 potions of attraction {!q}


   Skills:
 + Level 8.1 Fighting
 - Level 3.1(4.8) Axes
 - Level 5.7(6.1) Maces & Flails
 + Level 8.1 Armour
 - Level 4.1 Shields


You had 7 spell levels left.
You didn't know any spells.
Your spell library was empty.

Dungeon Overview and Level Annotations

Branches:
Dungeon (5/15)
 Temple: D:4-7

Altars:
Dithmenos

Shops:
D:3 (?


Innate Abilities, Weirdness & Mutations

You have a pair of horns on your head.
You reflexively headbutt those who attack you in melee.


Message History

Your headbutt misses the kobold brigand.
The kobold brigand completely misses you.
The kobold brigand hits you but does no damage.
You hit the kobold brigand. You block the kobold brigand's attack.
You hit the kobold brigand. You block the kobold brigand's attack.
The kobold brigand hits you with a +0 dagger.
You take 3 damage, and have 69/74 hp.
You slash the kobold brigand!
The kobold brigand hits you with a +0 dagger.
You take 4 damage, and have 65/74 hp.
You barely miss the kobold brigand.
The kobold brigand hits you but does no damage.
The kobold brigand hits you with a +0 dagger.
You take 1 damage, and have 64/74 hp.
You closely miss the kobold brigand. You headbutt the kobold brigand.
The kobold brigand hits you with a +0 dagger.
You take 4 damage, and have 60/74 hp.
You slash the kobold brigand!
You kill the kobold brigand!
Your Fighting skill increases to level 8!
Your Armour skill increases to level 8!
z - 2 curare-tipped darts (gained 1)
f - 2 scrolls labelled JIJYTO TODGHOHU (gained 1)
Items here: ( )) ††.
There is an open gate here.
There is an open door here.
A kobold comes into view. It is wielding a +0 club.
The kobold shouts!
You hear a distant slurping noise.
The door mysteriously vanishes.
A jelly comes into view.
Health restored: 74 You hit the kobold but do no damage.
You headbutt the kobold.
You kill the kobold!
You block the jelly's attack.
Things that are here:
a +0 club; 2 stones You hit the jelly.
Your hands burn!
The jelly hits you but does no damage. x2
You slash the jelly!
Your hands burn!
You headbutt the jelly, but do no damage.
You block the jelly's attack.
You take 1 damage, and have 73/74 hp.
You barely miss the jelly. The jelly barely misses you.
You furiously retaliate!
You headbutt the jelly. You block the jelly's attack.
You hit the jelly.
You kill the jelly!
Health restored: 74 No target in view!
No target in view!
An endoplasm and a slime creature come into view.
The endoplasm quivers.
The slime creature quivers.
The endoplasm hits the fungus.
The fungus begins to die.
Things that are here:
a +0 club; 2 stones
Things that are here:
a +0 club; 2 stones
Things that are here:
a +0 club; 2 stones
Things that are here:
a +0 club; 2 stones An endoplasm comes into view.
Things that are here:
a +0 club; 2 stones
Things that are here:
a +0 club; 2 stones The endoplasm freezes you.
You are frozen.
You take 5 damage, and have 69/74 hp.
You slash the endoplasm!
You kill the endoplasm!
An endoplasm comes into view. 2 endoplasms, 2 jellies and a slime creature come into view.
The slime creature quivers.
The jelly quivers.
The slime creature quivers.
The jelly quivers.
The slime creature jiggles.
Things that are here:
a +0 club; 2 stones The jelly jiggles.
Two slime creatures merge to form a very large slime creature.
You block the jelly's attack.
You slash the jelly!
Your hands burn!
The jelly barely misses you. The jelly hits you but does no damage.
You take 1 damage, and have 71/74 hp.
You hit the jelly.
Your hands burn!
You block the jelly's attack.
You take 2 damage, and have 69/74 hp.
You slash the jelly!
You kill the jelly!
Your shield and scale mail prevent you from hitting the endoplasm.
The endoplasm freezes you.
You are frozen.
You take 5 damage, and have 65/74 hp.
You barely miss the very large slime creature.
You headbutt the very large slime creature.
The very large slime creature hits you!
You take 7 damage, and have 58/74 hp.
You barely miss the very large slime creature.
The very large slime creature hits you!!!
Ouch! That really hurt!
* * * LOW HITPOINT WARNING * * *
The very large slime creature hits you!!!
Ouch! That really hurt!
You die...

....)..#### ......#########
......###..÷...##########
...##..##.......##......#####
...######.....J#J#.......##.#
.#.# #....J.#J#........'.##
...# #.J..JJ#J#........'..#
#..# #P.J...#J#'#......').#
#..# #.J...J#@#.#.....##..#
...# #P÷..J.#.#.#....####.#
...# #(.÷...##.##########.#
...# ######## #...# #..#
########### #.#.# ###.####
#..# #.#....[..# #...# #)))..
#..#####.#.#####.###(####
##.#### .........#.#
#.........###...##
...#######.#
#.#.........>....##


You could see a very large slime creature, a jelly and 2 endoplasms.

Vanquished Creatures
  A water moccasin (D:5)
  An ice beast (D:5)
  A sky beast (D:5)
  A necrophage (D:5)
  A phantom (D:5)
  3 kobold brigands (D:5)
  A water moccasin skeleton (D:5)
  2 jellies (D:5)
  3 hounds
  A bullfrog zombie (D:5)
  A centaur skeleton (D:4)
  An orc priest (D:5)
  Crazy Yiuf (D:3)
  A gnoll shaman (D:4)
  An iguana (D:2)
  2 orc wizards
  Ijyb (D:5)
  The ghost of Spectrina the Ducker, a weakling DEMo (D:3)
  A hound skeleton (D:5)
  7 adders
  3 gnolls (D:4)
  A shadow imp (D:5)
  An ufetubus (D:5)
  An adder skeleton (D:4)
  4 dart slugs
  15 orcs
  3 bats
  8 endoplasms
  2 giant cockroaches
  3 goblins
  5 hobgoblins
  A jackal (D:3)
  9 kobolds
  2 quokkas
  10 ball pythons
  A frilled lizard (D:1)
  3 rats (D:3)
104 creatures vanquished.

Vanquished Creatures (others)
  7 bushes (D:5)
  8 fungi (D:5)
  6 toadstools (D:5)
21 creatures vanquished.

Grand Total: 125 creatures vanquished

Notes
Turn   | Place    | Note
-------+----------+-------------------------------------------
     0 | D:1      | bonger the Minotaur Fighter began the quest for the Orb.
     0 | D:1      | Reached XP level 1. HP: 19/19 MP: 0/0
     2 | D:1      | Noticed a tengu
     2 | D:1      | Noticed a demigod
     4 | D:1      | Noticed a ghoul
     4 | D:1      | Noticed a spriggan
     6 | D:1      | Noticed a naga
     6 | D:1      | Noticed a felid
     8 | D:1      | Noticed a draconian
     8 | D:1      | Noticed a human
    10 | D:1      | Noticed a palentonga
    10 | D:1      | Noticed an ogre
    12 | D:1      | Noticed a minotaur
    12 | D:1      | Noticed a vine stalker
    14 | D:1      | Noticed a demonspawn
    14 | D:1      | Noticed a barachi
    16 | D:1      | Noticed a dwarf
    16 | D:1      | Noticed an octopode
    18 | D:1      | Noticed a formicid
    18 | D:1      | Noticed a vampire
    22 | D:1      | Noticed a djinni
    24 | D:1      | Noticed an elf
    24 | D:1      | Noticed a troll
    26 | D:1      | Noticed a merfolk
    26 | D:1      | Noticed a gargoyle
   606 | D:1      | Reached XP level 2. HP: 27/27 MP: 1/1
  1008 | D:2      | Reached skill level 4 in Fighting
  1008 | D:2      | Reached skill level 3 in Axes
  1008 | D:2      | Reached skill level 4 in Armour
  1008 | D:2      | Reached skill level 4 in Shields
  1008 | D:2      | Reached XP level 3. HP: 9/33 MP: 2/2
  1718 | D:2      | Found a faded altar of an unknown god.
  1786 | D:3      | Found Jyguizaunuk's Antique Weapon Shop.
  1793 | D:3      | Reached skill level 1 in Maces & Flails
  1846 | D:3      | Reached skill level 2 in Maces & Flails
  1846 | D:3      | Reached XP level 4. HP: 36/40 MP: 3/3
  1979 | D:3      | Reached skill level 3 in Maces & Flails
  2151 | D:3      | Found a runed translucent gate.
  2152 | D:3      | Found a runed translucent gate.
  2153 | D:3      | Found a runed translucent gate.
  2156 | D:3      | Noticed Spectrina's ghost (weakling DEMo)
  2631 | D:3      | Found Ebboib's Magic Scroll Emporium.
  2759 | D:3      | Found a runed translucent door.
  2760 | D:3      | Noticed Crazy Yiuf
  2848 | D:3      | Found a shadowy altar of Dithmenos.
  2908 | D:3      | Killed Crazy Yiuf
  2909 | D:3      | Reached skill level 4 in Maces & Flails
  2909 | D:3      | Reached XP level 5. HP: 46/46 MP: 4/4
  3181 | D:3      | Killed Spectrina's ghost
  3267 | D:3      | Reached skill level 5 in Maces & Flails
  3848 | D:4      | Reached XP level 6. HP: 48/53 MP: 5/5
  4483 | D:5      | Entered Level 5 of the Dungeon
  4551 | D:5      | Reached skill level 5 in Fighting
  4551 | D:5      | Reached skill level 5 in Armour
  4736 | D:5      | Noticed a water moccasin
  4739 | D:5      | Reached XP level 7. HP: 56/61 MP: 6/6
  4754 | D:5      | Reached skill level 6 in Fighting
  4754 | D:5      | Reached skill level 6 in Armour
  4782 | D:5      | HP: 13/63 [phantom (5)]
  4815 | D:5      | HP: 11/64 [something (6)]
  5281 | D:5      | Reached skill level 7 in Fighting
  5281 | D:5      | Reached skill level 7 in Armour
  5431 | D:5      | Noticed Ijyb
  5438 | D:5      | Killed Ijyb
  5746 | D:5      | Reached XP level 8. HP: 73/73 MP: 7/7
  6056 | D:5      | Reached skill level 8 in Fighting
  6056 | D:5      | Reached skill level 8 in Armour
  6137 | D:5      | Noticed a slime creature
  6163 | D:5      | Noticed a slime creature
  6176 | D:5      | HP: 13/74 [very large slime creature (46)]
  6176 | D:5      | Annihilated by a very large slime creature

Illustrated notes

Levels and vault maps discovered:
D:1:      kb_arrival_jail, layout_loops_ring
D:2:      layout_basic, chequers_ecumenical_altar_lobes
D:3:      layout_loops_ring, lemuel_coloured_pillars_altar, serial_shops, shop,
          shop, gammafunk_ghost_split, minmay_pentangle, uniq_crazy_yiuf_cottage
D:4:      layout_basic, minmay_misc_feat_x
D:5:      cheibrodos_fertilizer, layout_loops_ring, supply_closet_lemuel,
          minmay_hedge_maze, minmay_starry_boxes, uniq_ijyb

Skill      XL: |  1  2  3  4  5  6  7  8 |
---------------+-------------------------+-----
Fighting       | 4 5 7 8 |  8.1
Axes           | 3 |  3.1
Armour         | 4 5 7 8 |  8.1
Shields        | 4 |  4.1
Maces & Flails | 2 4 5 |  5.7

Action                   |  1- 3 |  4- 6 |  7- 9 || total
-------------------------+-------+-------+-------++-------
Melee: War axe           |    50 |   149 |   103 ||   302
       Headbutt          |     9 |    17 |    23 ||    49
  Use: Scroll            |       |     5 |       ||     5
       Potion            |       |       |     1 ||     1
Armor: Scale mail        |    17 |    82 |    51 ||   150
Dodge: Dodged            |    21 |    59 |    32 ||   112
Block: Kite shield       |    21 |    96 |    57 ||   174

Table legend: (Time is in decaauts)
 A = Elapsed time spent in this place.
 B = Non-inter-level travel time spent in this place.
 C = Inter-level travel time spent in this place.
 D = Time resting spent in this place.
 E = Time spent auto-exploring this place.
 F = Levels seen in this place.
 G = Mean time per level.
                   A        B        C        D        E       F      G
               +--------+--------+--------+--------+--------+-----+--------+
         Total |   6338 |   6043 |    295 |   1045 |   4051 |   5 | 1267.6 |
       Dungeon |   6338 |   6043 |    295 |   1045 |   4051 |   5 | 1267.6 |
               +--------+--------+--------+--------+--------+-----+--------+

Top non-repeatable levels by time:
     D:3: 1698 daAuts
     D:5: 1531 daAuts
     D:4: 1297 daAuts
     D:2: 918 daAuts
     D:1: 892 daAuts

Table legend:
 A = Kills in this place as a percentage of kills in entire the game.
 B = Kills by you in this place as a percentage of kills by you in the entire game.
 C = Kills by friends in this place as a percentage of kills by friends in the entire game.
 D = Other kills in this place as a percentage of other kills in the entire game.
 E = Experience gained in this place as a percentage of experience gained in the entire game.
 F = Experience gained in this place divided by the number of levels of this place that you have seen.
                   A       B       C       D       E      F
               +-------+-------+-------+-------+-------+----------------------
         Total | 100.0 | 100.0 |   N/A |   N/A | 100.0 | 380.0
       Dungeon | 100.0 | 100.0 |   N/A |   N/A | 100.0 | 380.0
               +-------+-------+-------+-------+-------+----------------------
